 Dungeon Crawl Stone Soup version 0.20-a0-1018-ge435b50 (webtiles) character file.

329 Multipenetrator the Shield-Bearer (level 6, -1/48 HPs)
             Began as a Formicid Fighter on Apr 17, 2017.
             Killed by divine providence
             ... invoked by an orc priest
              (17 damage)
             ... on level 4 of the Dungeon.
             The game lasted 00:03:23 (1097 turns).

Multipenetrator the Shield-Bearer (FoFi)            Turns: 1097, Time: 00:03:23

Health: -1/48      AC:  7    Str: 23    XL:     6   Next: 80%
Magic:  6/6        EV:  9    Int:  7    God:
Gold:   59         SH: 10    Dex: 10    Spells: 5/5 levels left

rFire    . . .     SeeInvis +   a - +0 war axe
rCold    . . .     Gourm    .   c - +0 shield
rNeg     . . .     Faith    .   b - +0 scale mail
rPois    .         Spirit   .   (helmet unavailable)
rElec    .         Reflect  .   (no cloak)
rCorr    .         Harm     .   (no gloves)
MR       .....                  (no boots)
Stlth    ..........             (no amulet)
Regen    0.2/turn               (no ring)
MPRegen  0.1/turn               (no ring)

@: no status effects
A: permanent stasis, dig shafts and tunnels, four strong arms, antennae 3
a: Dig, Shaft Self


You were on level 4 of the Dungeon.
You were not hungry.

You visited 1 branch of the dungeon, and saw 4 of its levels.

You collected 59 gold pieces.

Inventory:

Hand Weapons
 a - a +0 war axe (weapon)
Armour
 b - a +0 scale mail (worn)
 c - a +0 shield (worn)
Scrolls
 e - 2 scrolls of identify {unknown}
 k - a scroll of enchant weapon {unknown}
 l - a scroll of fear {unknown}
 m - a scroll of amnesia {unknown}
 n - a scroll of remove curse {unknown}
 q - a scroll of teleportation {unknown}
Potions
 d - a potion of might
 h - a potion of brilliance {unknown}
 i - a potion of flight {unknown}
 j - 4 potions of curing {unknown}
 o - a potion of heal wounds {unknown}
 p - a potion of haste {unknown}
Comestibles
 f - a bread ration
 g - 2 royal jellies


   Skills:
 + Level 4.0 Fighting
 + Level 4.3 Axes
 + Level 4.1 Armour
 + Level 0.6 Dodging
 + Level 0.6 Stealth
 * Level 5.6 Shields


You had 5 spell levels left.
You didn't know any spells.

Dungeon Overview and Level Annotations

Branches:
Dungeon (4/15)
 Temple: D:4-7

Altars:
Fedhas


Innate Abilities, Weirdness & Mutations

You cannot be hasted, slowed, berserked, paralysed or teleported.
You can dig through walls and to a lower floor.
Your four strong arms can wield two-handed weapons with a shield.
You have a pair of large antennae on your head. (SInv)


Message History

You kill the orc priest!
The orc priest hits you but does no damage.
The orc priest hits you but does no damage.
Items here: )))) ? [ †† You closely miss the orc priest.
The orc priest hits you with a trident.
You hit the orc priest.
The orc priest is moderately wounded.
The orc priest begins to cast a cantrip, but forgets the words!
You hit the orc priest.
The orc priest is severely wounded.
The orc priest calls down the wrath of Beogh upon you.
Pain shoots through your body! The orc priest barely misses you.
You closely miss the orc priest.
The orc priest is severely wounded.
The orc priest hits you with a trident.
You hit the orc priest.
The orc priest is almost dead.
The orc priest invokes the aid of Beogh against you.
Beogh smites you!
You die...

#.####.#####.....#
#..............#
#.##........####
#.##........#
#.##........#
#.##........#
#>##........#
#.###.####+## #@#
#.. #o.......
##....... {
....... .......
...##.. ##.# . .#


You could see an orc priest.

Vanquished Creatures
  A yak (D:4)
  A hound (D:3)
  2 orc priests
  An orc wizard (D:4)
  An ooze (D:1)
  2 worms
  A dart slug (D:1)
  5 orcs
  3 giant cockroaches
  3 goblins
  3 hobgoblins
  2 jackals (D:2)
  10 kobolds
  2 quokkas
  A ball python (D:1)
  5 bats
  3 frilled lizards
  4 rats
50 creatures vanquished.

Notes
Turn   | Place    | Note
-------+----------+-------------------------------------------
     0 | D:1      | Multipenetrator the Formicid Fighter began the quest for the Orb.
     0 | D:1      | Reached XP level 1. HP: 18/18 MP: 1/1
    85 | D:1      | Reached XP level 2. HP: 20/24 MP: 2/2
   124 | D:1      | Reached skill level 4 in Shields
   269 | D:1      | Reached XP level 3. HP: 24/29 MP: 3/3
   572 | D:2      | Found a blossoming altar of Fedhas.
   778 | D:2      | Reached XP level 4. HP: 27/35 MP: 4/4
   990 | D:3      | Reached skill level 5 in Shields
   990 | D:3      | Reached XP level 5. HP: 38/41 MP: 5/5
  1033 | D:4      | Noticed a yak
  1034 | D:4      | Noticed a yak
  1061 | D:4      | Killed a yak
  1061 | D:4      | Reached XP level 6. HP: 44/48 MP: 6/6
  1097 | D:4      | Killed from afar by an orc priest

Vault maps used:
D:1:      kennysheep_arrival_forest
D:2:      overflow_temple_1_default, first_bread, minmay_strange_pillars
D:3:      elyvilon_altar_5, uniq_grinder
D:4:      kennysheep_generic_room_15

Skill      XL: |  1  2  3  4  5  6 |
---------------+-------------------+-----
Shields        | 4 5 |  5.6
Axes           | 3 4 |  4.3
Armour         | 4 |  4.1
Fighting       | 4 |  4.0
Dodging        | |  0.6
Stealth        | |  0.6

Action                   |  1- 3 |  4- 6 || total
-------------------------+-------+-------++-------
Melee: War axe           |   100 |    53 ||   153
 Abil: Dig               |     1 |       ||     1
  Eat: Chunk             |       |     1 ||     1
Armor: Scale mail        |    46 |    13 ||    59
Dodge: Dodged            |    41 |    18 ||    59
Block: Shield            |    64 |    15 ||    79
